 Dungeon Crawl Stone Soup version 0.31.0-1-g2c135a008e (webtiles) character file.

Game seed: 2884479323259261355

177 qw the Ducker (level 5, -3/40 HPs)
             Began as a Djinni Hunter on Jan 23, 2024.
             Slain by Menkaure (19 damage)
             ... on level 5 of the Dungeon.
             The game lasted 00:00:09 (2603 turns).

qw the Ducker (Djinni Hunter)                       Turns: 2603, Time: 00:00:10

Health: -3/40      AC:  5    Str: 10    XL:     5   Next: 87%
Gold:   624        EV: 13    Int: 10    God:
                   SH:  0    Dex: 23

rFire   + + .        a - +0 shortbow
rCold   x . .        (shield currently unavailable)
rNeg    + . .        e - +0 ring mail
rPois   inf          (helmet restricted)
rElec   .            (no cloak)
rCorr   .            (no gloves)
SInv    .            (boots unavailable)
Will    .....        (no amulet)
Stlth   +            h - ring of positive energy
HPRegen 0.26/turn    k - +6 ring of dexterity
MPRegen 0.00/turn

%: infuse magic (-4 HP)
@: flying
A: sickness immunity, fire resistance 2, cold vulnerability 1, float, innate
caster, HP casting, extra vitality 1, horns 1, clumsy 1, mutation resistance 1
a: no special abilities


You were on level 5 of the Dungeon.
You visited 1 branch of the dungeon, and saw 5 of its levels.

You collected 624 gold pieces.


Innate Abilities, Weirdness & Mutations

You are immune to sickness and miasma.
You are immune to poison.
Your flesh is very heat resistant. (rF++)
You are vulnerable to cold. (rC-)
You float through the air rather than walking.
You learn spells naturally, not from books.
Your magical power is your life essence.
You have superior vitality. (+4 MHP)
You have a pair of small horns on your head.
You are clumsy. (Dex -2)
You are somewhat resistant to further mutation.


   Skills:
 - Level 3.0 Fighting
 - Level 4.1 Ranged Weapons
 + Level 0.0 Armour
 - Level 4.5 Dodging
 - Level 0.7 Stealth


You knew the following spells:

 Your Spells              Type           Power      Damage    Failure   Level
a - Shock                 Conj/Air       0%         1d3       69%         1
b - Scorch                Fire           0%         2d5       83%         2
Your spell library was empty.

Inventory:

Hand Weapons
 a - a +0 shortbow (weapon)
Armour
 e - a +0 ring mail (worn)
Jewellery
 h - a ring of positive energy (left hand)
 k - a +6 ring of dexterity (right hand)
 n - a ring of fire
Scrolls
 c - a scroll of vulnerability {unknown}
Potions
 b - a potion of haste
 d - a potion of curing
 i - 4 potions of heal wounds
 j - a potion of cancellation
 l - a potion of might {unknown}
 m - a potion of degeneration {unknown}

Dungeon Overview and Level Annotations

Branches:
Dungeon (5/15)
 Temple: D:4-7

Altars:
Dithmenos
Fedhas
Qazlal

Annotations:
D:5 Menkaure


Message History

As you read the scroll labelled TIPSOE TETUUL, it crumbles to dust.
You assume a fearsome visage.
Nothing appears to happen.
It was a scroll of fear.
Done exploring.
What level of the Dungeon? (default 4, ? - help)
There is a stone staircase leading down here.
You fly downwards.
Found an escape hatch in the ceiling.
Found a stone staircase leading up.
There is a stone staircase leading up here.
Waypoint 4 assigned to D:5.
There is a stone staircase leading up here.
There is an escape hatch in the ceiling here.
c - a scroll labelled HUSSIF VEUFUGH You reach down and open the door.
There is an open door here.
You reach down and open the door.
There is an open door here.
Found a book of Hexes.
Enter note:
Enter note: You now have 624 gold pieces (gained 15).
Menkaure, Prince of Dust comes into view.
Menkaure shouts!
You shoot an arrow.
The arrow hits Menkaure but does no damage.
Menkaure giggles, "These cerements are ticklish..."
Menkaure closely misses you.
You shoot an arrow. The arrow barely misses Menkaure.
Menkaure hits you!!
Ouch! That really hurt!
You shoot an arrow.
The arrow hits Menkaure but does no damage.
Menkaure hits you.
You shoot an arrow.
The arrow hits Menkaure but does no damage.
Menkaure misses you.
You shoot an arrow. The arrow hits Menkaure.
Menkaure is lightly damaged.
Menkaure hits you!!
You die...

.#........##.######.#
.#.#..#...##.######.#
......##.........##.#
.......#####.###.##.#
###...## #.# #.##.#
##.## #.###.##.# #.#
#........# #.#
#.###.##.# ##'## #.#
#@##.# ##...##
..#.M.#..# ##.....##
..........
#.......#....##~~....
...........# ~~##~..#
...........~ ~~#
~#..# ..........## ~~
#.# #.......#.# ~#~
.# ##.....##.#


You could see Menkaure.

Vanquished Creatures
  A scorpion (D:4)
  A jelly (D:3)
  An orc priest (D:4)
  An adder (D:3)
  A dart slug (D:4)
  4 orcs (D:4)
  4 endoplasms
  A giant cockroach (D:4)
  5 goblins
  3 hobgoblins
  2 jackals (D:1)
  8 kobolds
  3 quokkas
  4 ball pythons
  3 bats
  2 frilled lizards (D:2)
  A rat (D:2)
45 creatures vanquished.

Notes
Turn   | Place    | Note
-------+----------+-------------------------------------------
     0 | D:1      | qw the Djinni Hunter began the quest for the Orb.
     0 | D:1      | Reached XP level 1. HP: 18/18 MP: 0/0
     0 | D:1      | 0 ||| qw: Version: 0.3-a-136-gdd3b4e8
     0 | D:1      | 0 ||| qw: Game counter: 1040
     0 | D:1      | 0 ||| qw: Melee chars always use a shield: true
     0 | D:1      | 0 ||| qw: God list: Okawaru
     0 | D:1      | 0 ||| qw: Allow faded altars: false
     0 | D:1      | 0 ||| qw: Do Orc after clearing Dungeon:15 true
     0 | D:1      | 0 ||| qw: Do second Lair branch before Depths: true
     0 | D:1      | 0 ||| qw: Lair rune preference: random
     0 | D:1      | 0 ||| qw: Goals: Normal
     0 | D:1      | 0 ||| PLANNING D:1-11
   251 | D:1      | Reached XP level 2. HP: 23/23 MP: 0/0
   626 | D:1      | 626 ||| UPGRADING to ring of positive energy.
   627 | D:1      | 627 ||| READING scroll labelled ONETOB KIONOU.
   627 | D:1      | 627 ||| IDENTIFYING yellow potion
   628 | D:1      | 628 ||| READING scroll labelled GEXKED MOESTRUL.
   666 | D:1      | 666 ||| READING scroll labelled FONLIK KEIPNE.
   667 | D:1      | 667 ||| DRINKING 2 metallic green potions.
   668 | D:1      | 668 ||| DROPPING scroll of butterflies.
  1027 | D:2      | Reached XP level 3. HP: 28/28 MP: 0/0
  1027 | D:2      | Learned a level 1 spell: Shock
  1331 | D:2      | 1331 ||| UPGRADING to +2 helmet.
  1336 | D:2      | 1336 ||| UPGRADING to +6 ring of dexterity.
  1337 | D:2      | 1337 ||| READING scroll of identify.
  1337 | D:2      | 1337 ||| IDENTIFYING lumpy amethyst potion
  1338 | D:2      | 1338 ||| READING scroll labelled REYHUG QOICIBB.
  1338 | D:2      | Identified a scroll of acquirement
  1338 | D:2      | 1338 ||| ACQUIRING 447 gold pieces
  1338 | D:2      | Acquired 447 gold pieces
  1340 | D:2      | 1340 ||| READING 2 scrolls labelled JUXTAI IRGHUE.
  1341 | D:2      | 1341 ||| READING scroll labelled QABBIP ZERIN.
  1341 | D:2      | 1341 ||| ENCHANTING +0 shortbow.
  1342 | D:2      | 1342 ||| DROPPING scroll of amnesia.
  1343 | D:2      | 1343 ||| DROPPING potion of attraction.
  1674 | D:3      | Reached skill level 3 in Dodging
  1674 | D:3      | Reached XP level 4. HP: 33/33 MP: 0/0
  1917 | D:3      | 1917 ||| READING scroll of identify.
  1917 | D:3      | 1917 ||| IDENTIFYING bubbling cyan potion
  1918 | D:3      | 1918 ||| READING scroll labelled COUNEACAKO.
  1919 | D:3      | 1919 ||| DRINKING 3 murky puce potions.
  1956 | D:3      | 1956 ||| DROPPING 2 potions of lignification.
  2004 | D:4      | Reached XP level 5. HP: 27/40 MP: 0/0
  2004 | D:4      | Learned a level 2 spell: Scorch
  2064 | D:4      | Reached skill level 3 in Fighting
  2162 | D:4      | Found a stormy altar of Qazlal.
  2254 | D:4      | Found a shadowy altar of Dithmenos.
  2472 | D:4      | Found a blossoming altar of Fedhas.
  2497 | D:4      | 2497 ||| UPGRADING to +0 ring mail.
  2507 | D:4      | 2507 ||| DROPPING +0 leather armour.
  2508 | D:4      | 2508 ||| READING 2 scrolls of identify.
  2508 | D:4      | 2508 ||| IDENTIFYING glowing dark potion
  2509 | D:4      | 2509 ||| DRINKING potion of mutation.
  2509 | D:4      | Gained mutation: You are clumsy. (Dex -2) [potion of
                  | mutation]
  2509 | D:4      | Gained mutation: You have a pair of small horns on your
                  | head. [potion of mutation]
  2509 | D:4      | Gained mutation: You are somewhat resistant to further
                  | mutation. [potion of mutation]
  2510 | D:4      | 2510 ||| DROPPING +2 helmet.
  2511 | D:4      | 2511 ||| READING scroll of identify.
  2511 | D:4      | 2511 ||| IDENTIFYING amethyst potion
  2512 | D:4      | 2512 ||| READING scroll labelled TIPSOE TETUUL.
  2519 | D:5      | Entered Level 5 of the Dungeon
  2598 | D:5      | Noticed Menkaure
  2603 | D:5      | Slain by Menkaure

Levels and vault maps discovered:
D:1:      lemuel_arrival_room, layout_loops_ring
D:2:      layout_basic
D:3:      layout_basic, nrook_uturn
D:4:      layout_cave_pools, grunt_temple_overflow_forces_of_nature,
          nicolae_dithmenos_the_darkroom
D:5:      minmay_bubble_buster, layout_loops_corners, kennysheep_diamond,
          nicolae_take_the_stairs, minivault_4, uniq_menkaure

Skill      XL: |  1  2  3  4  5 |
---------------+----------------+-----
Ranged Weapons | 4 |  4.1
Dodging        | 3 4 |  4.5
Fighting       | 3 |  3.0
Stealth        | |  0.7

Action                     |  1- 3 |  4- 6 || total
---------------------------+-------+-------++-------
   Fire: Shortbow          |    63 |    57 ||   120
    Use: Scroll            |     7 |     5 ||    12
         Potion            |     1 |     2 ||     3
 Armour: Leather armour    |     8 |       ||     8
         Ring mail         |       |     3 ||     3
  Dodge: Dodged            |    13 |     8 ||    21

Table legend:
 A = Non-vault XP
 B = Vault XP
 C = Vault XP percentage of total XP
 D = Non-vault monster count
 E = Vault monster count
 F = Vault count percentage of total count
                 A         B        C        D         E       F
            +---------+---------+-------+---------+---------+-------
      Total |     253 |       0 |   0.0 |      45 |       0 |   0.0
            +---------+---------+-------+---------+---------+-------
        D:1 |      21 |       0 |   0.0 |      12 |       0 |   0.0
        D:2 |      14 |       0 |   0.0 |       9 |       0 |   0.0
        D:3 |      65 |       0 |   0.0 |       8 |       0 |   0.0
        D:4 |     153 |       0 |   0.0 |      16 |       0 |   0.0
            +---------+---------+-------+---------+---------+-------
